 Dungeon Crawl Stone Soup version 0.22.1-1-ga44c0e5 (webtiles) character file.

24769 Haldmier the Grappler (level 12, -2/105 HPs)
             Began as a Grey Draconian Transmuter on Nov 2, 2018.
             Was a High Priest of Makhleb.
             Slain by a polar bear (15 damage)
             ... in an ice cave.
             The game lasted 01:23:05 (20329 turns).

Haldmier the Grappler (Grey Draconian Transmuter)  Turns: 20329, Time: 01:23:06

Health: -2/105     AC: 15    Str: 14    XL:     12   Next: 83%
Magic:  9/18       EV: 16    Int: 16    God:    Makhleb [*****.]
Gold:   705        SH: 11    Dex: 13    Spells: 0/19 levels left

rFire    . . .     SeeInvis .     - Unarmed
rCold    . . .     Gourm    .   f - +3 buckler
rNeg     . . .     Faith    .   (armour unavailable)
rPois    +         Spirit   .   (helmet restricted)
rElec    .         Reflect  +   (no cloak)
rCorr    .         Harm     .   y - +0 pair of gloves
MR       .....                  p - +0 pair of boots
Stlth    ++........             t - +3 amulet of reflection
HPRegen  0.27/turn              j - ring of poison resistance
MPRegen  0.16/turn              r - +3 ring of slaying

@: appendage, very slightly contaminated, studying Fire Magic
A: walk through water, unfitting armour, horns 2, unbreathing, cold-blooded, AC
+13
a: End Transformation, Minor Destruction, Lesser Servant of Makhleb, Major
Destruction, Greater Servant of Makhleb, Renounce Religion


You were in an ice cave.
You worshipped Makhleb.
Makhleb was extremely pleased with you.
You were hungry.
You had grown temporary horns.
You visited 2 branches of the dungeon, and saw 15 of its levels.
You also visited: Ossuary and Ice Cave.

You collected 705 gold pieces.

Inventory:

Missiles
 a - 44 arrows
 b - 408 stones
 D - 2 throwing nets
 G - 7 javelins of penetration
 U - 8 steel tomahawks (quivered)
Armour
 f - a +3 buckler (worn)
 p - a +0 pair of boots (worn)
 y - a +0 pair of gloves (worn)
Jewellery
 i - an uncursed amulet of rage
 j - a ring of poison resistance (left hand)
 r - a +3 ring of slaying (right hand)
 t - a +3 amulet of reflection (around neck)
 H - an uncursed ring of resist corrosion
Wands
 l - a wand of enslavement (12)
 x - a wand of paralysis (22)
 B - a wand of digging (10)
 L - a wand of iceblast (6)
 R - a wand of disintegration (50)
 Z - a wand of scattershot (5)
Scrolls
 d - a scroll of immolation
 g - 3 scrolls of blinking
 k - 2 scrolls of amnesia
 n - 3 scrolls of identify
 u - a scroll of holy word
 v - 2 scrolls of summoning
 A - 2 scrolls of enchant weapon
 E - 2 scrolls of teleportation
 K - 4 scrolls of remove curse
 M - 2 scrolls of enchant armour
 O - a scroll of fog
Potions
 e - 3 potions of might
 h - 4 potions of lignification
 m - 3 potions of haste
 o - 4 potions of agility
 q - 2 potions of resistance
 s - 2 potions of invisibility
 w - 3 potions of curing
 C - 3 potions of magic
 I - a potion of cancellation {unknown}
 J - 2 potions of ambrosia
 N - 2 potions of flight {unknown}
 Q - a potion of heal wounds
 T - a potion of brilliance
Books
 F - a manual of Fire Magic
Comestibles
 c - 27 rations
 P - 15 chunks of flesh


   Skills:
 + Level 9.4 Fighting
 + Level 8.0 Dodging
 - Level 3.0 Stealth
 - Level 4.0 Shields
 * Level 12.3 Unarmed Combat
 + Level 4.4 Spellcasting
 + Level 9.2 Transmutations
 - Level 5.0 Ice Magic
 + Level 2.3 Earth Magic
 - Level 3.0 Poison Magic
 - Level 5.1 Invocations


You couldn't memorise any spells.
You knew the following spells:

 Your Spells              Type           Power        Failure   Level  Hunger
a - Beastly Appendage     Tmut           ####..       1%          1    None
b - Sticks to Snakes      Tmut           ####....     1%          2    ##.....
c - Spider Form           Tmut/Pois      ###.......   3%          3    ###....
d - Ice Form              Ice/Tmut       ####....     9%          4    ####...
e - Blade Hands           Tmut           ####......   10%         5    ######.
f - Petrify               Tmut/Erth      ###.....     16%         4    ####...

Your spell library contained the following spells:

 Spells                   Type           Power        Failure   Level  Hunger
 Ignite Poison            Fire/Tmut/Pois ###.....     9%          3    ###....
 Animate Skeleton         Necr           N/A          16%         1    None
 Pain                     Necr           #...         16%         1    None
 Sublimation of Blood     Necr           #.........   24%         2    ##.....
 Alistair's Intoxication  Tmut/Pois      ###.....     34%         5    ######.
 Regeneration             Chrm/Necr      #.........   43%         3    ###....
 Vampiric Draining        Necr           #.........   43%         3    ###....
 Irradiate                Conj/Tmut      ###.......   54%         5    ######.
 Animate Dead             Necr           N/A          85%         4    ####...


Dungeon Overview and Level Annotations

Branches:
Dungeon (11/15)            Temple (0/1) D:5            Lair (4/6) D:11
  Swamp (0/4) Lair:3        Snake (0/4) Lair:2          Orc (0/2) D:9

Altars:
Ashenzari
Cheibriados
Dithmenos
Elyvilon
Makhleb
Nemelex Xobeh
Qazlal
Trog
Uskayaw
Wu Jian
Xom
Yredelemnul
The Shining One
Beogh

Shops:
D:8 *   D:10 =

Annotations:
D:1 items over lava
D:8 Gastronok
Lair:3 Nergalle


Innate Abilities, Weirdness & Mutations

You can walk through water.
Your dull iron-grey scales are very hard. (AC +13)
You cannot fit into any form of body armour.
You can survive without breathing.
You are cold-blooded and may be slowed by cold attacks.
You have a pair of horns on your head.


Message History

Your tail-slap misses the polar bear.
The polar bear is severely wounded.
The polar bear misses you. You block the polar bear's attack.
The polar bear claws you but does no damage.
The polar bear bites you but does no damage.
The polar bear claws you but does no damage. x2
You block the yak's attack.
You punch the polar bear! Your headbutt misses the polar bear.
You tail-slap the polar bear.
The polar bear is almost dead.
The polar bear bites you!
* * * LOW HITPOINT WARNING * * *
The polar bear barely misses you. You block the polar bear's attack.
The polar bear bites you but does no damage.
You block the polar bear's attack. The polar bear closely misses you.
You hit the polar bear. Your headbutt misses the polar bear.
The polar bear is almost dead.
You block the yak's attack.
The polar bear goes berserk!
The polar bear bites you!
You die...

.. ... #### ....
##..###### #....
##....##..## ##...#.
#..........###......#
#.∩.∩.......#hY.....#
#.......##..h@#
##....#####..##
##..## #### ####


You could see 2 polar bears and a yak.

Vanquished Creatures
  A two-headed ogre (D:8)
  Pikel (D:6)
  4 elephants (Lair:3)
  7 black mambas
  5 spiny frogs
  2 komodo dragons (Lair:2)
  A rime drake (Lair:2)
  4 polar bears
  A tyrant leech (Lair:3)
  Grinder (D:3)
  3 blink frogs (Lair:3)
  3 hippogriffs
  Sigmund (D:6)
  A wyvern (Lair:2)
  A wraith (D:11)
  A spriggan (D:7)
  2 basilisks
  26 yaks
  4 vampire mosquitoes (D:9)
  A swamp worm (Lair:3)
  3 wargs
  4 nagas (Lair:2)
  9 water moccasins
  5 orc warriors
  3 porcupines
  5 ice beasts
  A slave (D:6)
  The ghost of Jaiteiro the Shield-Bearer, an amateur GnFi (D:4)
  2 phantoms
  2 sky beasts (D:5)
  A centaur (D:6)
  6 ogres
  8 wolves
  3 crocodiles
  A big kobold (D:7)
  13 bullfrogs
  Dowan (D:5)
  6 scorpions
  A water moccasin skeleton (D:7)
  A killer bee (D:5)
  An electric eel (D:11)
  5 wights (D:10)
  2 howler monkeys
  5 crimson imps
  3 centaur zombies
  9 orc priests
  12 orc wizards
  6 hounds
  4 jellies
  2 centaur skeletons (D:5)
  4 iguanas
  2 bullfrog skeletons
  7 worker ants
  3 big kobold zombies (Ossuary)
  A hound skeleton (D:4)
  A howler monkey zombie (D:6)
  5 mummies
  A worker ant zombie (D:5)
  4 gnolls
  20 adders
  5 oozes
  2 adder zombies (D:5)
  2 adder skeletons
  8 worms
  A dart slug (D:2)
  5 leopard geckos
  53 orcs
  A ball python (D:4)
  5 giant cockroaches
  9 goblins
  11 hobgoblins
  6 jackals
  5 quokkas
  8 bats
  8 frilled lizards
  4 hobgoblin zombies (Ossuary)
  A jackal skeleton (D:4)
  8 kobolds
  A kobold zombie (D:6)
  A leopard gecko skeleton (D:8)
  An orc zombie (D:6)
  2 quokka skeletons (D:8)
  A quokka zombie (D:8)
  10 rats
401 creatures vanquished.

Vanquished Creatures (collateral kills)
  A two-headed ogre (D:6)
  Urug (Lair:3)
  2 tyrant leeches (Lair:3)
  A wyvern (D:8)
  Duvessa (D:5)
  Blork the orc (D:6)
  A howler monkey (D:6)
  An orc wizard (D:8)
  An adder (D:2)
  An ooze (D:2)
  A worm (D:2)
  An orc (D:6)
  A goblin (D:2)
  A rat (D:2)
15 creatures vanquished.

Vanquished Creatures (others)
  A bush (Lair:2)
  5 fungi
  A plant (Lair:4)
7 creatures vanquished.

Grand Total: 423 creatures vanquished

Notes
Turn   | Place    | Note
-------+----------+-------------------------------------------
     0 | D:1      | Haldmier the Draconian Transmuter began the quest for the
                  | Orb.
     0 | D:1      | Reached XP level 1. HP: 16/16 MP: 3/3
    73 | D:1      | Reached XP level 2. HP: 22/23 MP: 3/5
   258 | D:1      | Learned a level 2 spell: Sticks to Snakes
   365 | D:1      | Reached XP level 3. HP: 28/28 MP: 4/6
   416 | D:1      | Learned a level 3 spell: Spider Form
  1008 | D:2      | Reached skill level 1 in Stealth
  1172 | D:2      | Found an ornate altar of the Wu Jian Council.
  1249 | D:2      | Noticed a phantom
  1269 | D:2      | Reached skill level 1 in Shields
  1392 | D:2      | Reached XP level 4. HP: 28/35 MP: 2/7
  1597 | D:2      | Found a burning altar of Makhleb.
  1605 | D:2      | Became a worshipper of Makhleb the Destroyer
  1647 | D:2      | Found a faded altar of an unknown god.
  1887 | D:2      | Found a shimmering altar of Xom.
  2473 | D:3      | Reached XP level 5. HP: 41/41 MP: 6/8
  2742 | D:3      | Reached * piety under Makhleb
  2865 | D:3      | Found a shadowy altar of Dithmenos.
  3088 | D:3      | Noticed Grinder
  3097 | D:3      | Paralysed by Grinder for 5 turns
  3106 | D:3      | Paralysed by Grinder for 7 turns
  3113 | D:3      | Killed Grinder
  3113 | D:3      | Reached skill level 4 in Unarmed Combat
  3113 | D:3      | Reached skill level 1 in Poison Magic
  3113 | D:3      | Reached XP level 6. HP: 28/48 MP: 0/9
  3342 | D:3      | Found a snail-covered altar of Cheibriados.
  3487 | D:3      | Learned a level 4 spell: Ice Form
  3776 | D:4      | Found a runed gate.
  3777 | D:4      | Found a runed gate.
  3860 | D:4      | Your scales start taking on a dull iron-grey colour.
  3860 | D:4      | Reached XP level 7. HP: 53/55 MP: 11/11
  3860 | D:4      | Gained mutation: You can survive without breathing. [Grey
                  | Draconian growth]
  3970 | D:4      | Reached skill level 1 in Ice Magic
  4158 | D:4      | Reached skill level 1 in Invocations
  4670 | D:4      | Found a runed gate.
  4672 | D:4      | Noticed Jaiteiro's ghost (amateur GnFi)
  4832 | D:4      | Found a roughly hewn altar of Beogh.
  4872 | D:5      | Entered Level 5 of the Dungeon
  4896 | D:4      | Reached XP level 8. HP: 62/62 MP: 12/12
  4930 | D:5      | Reached skill level 5 in Unarmed Combat
  4967 | D:5      | You fall through a shaft for 2 floors!
  5154 | D:6      | Noticed Sigmund
  5182 | D:6      | Killed Sigmund
  5185 | D:6      | Reached ** piety under Makhleb
  5257 | D:6      | Found a sand-covered staircase.
  5392 | Ossuary  | Entered an ossuary
  5787 | D:6      | Noticed a two-headed ogre
  5906 | D:7      | Reached XP level 9. HP: 38/71 MP: 14/14
  6089 | D:6      | Noticed Blork the orc
  6169 | D:6      | Killed Blork the orc
  6552 | D:6      | Reached skill level 6 in Unarmed Combat
  6583 | D:6      | Found a glowing golden altar of the Shining One.
  6585 | D:6      | Found a hide-covered altar of Uskayaw.
  6585 | D:6      | Found a white marble altar of Elyvilon.
  6696 | D:6      | Found a shadowy altar of Dithmenos.
  6724 | D:6      | Reached skill level 5 in Transmutations
  6852 | D:5      | Reached *** piety under Makhleb
  6868 | D:5      | Found a staircase to the Ecumenical Temple.
  6878 | D:5      | Noticed Duvessa
  6879 | D:5      | Noticed Dowan
  6896 | D:5      | Killed Duvessa
  6919 | D:5      | Killed Dowan
  7546 | D:5      | Found a bloodstained altar of Trog.
  7911 | D:5      | Reached skill level 7 in Unarmed Combat
  8554 | D:6      | Killed a two-headed ogre
  8554 | D:6      | Reached skill level 5 in Fighting
  8554 | D:6      | Reached XP level 10. HP: 15/81 MP: 13/16
  8848 | D:6      | Reached **** piety under Makhleb
  9060 | D:6      | Noticed Pikel
  9086 | D:6      | Killed Pikel
  9602 | D:4      | Got a warped mace {freeze}
  9630 | D:4      | Killed Jaiteiro's ghost
  9803 | D:8      | Found Filahet's General Store.
  9893 | D:8      | Reached skill level 8 in Unarmed Combat
 10080 | D:8      | Noticed a two-headed ogre
 10098 | D:8      | Killed a two-headed ogre
 10098 | D:8      | Reached skill level 5 in Invocations
 10304 | D:8      | Found a shattered altar of Ashenzari.
 10370 | D:8      | Reached skill level 5 in Dodging
 10895 | D:8      | Noticed Gastronok
 11344 | D:8      | Found a basalt altar of Yredelemnul.
 11444 | D:8      | Found a stormy altar of Qazlal.
 11487 | D:8      | Found a sparkling altar of Nemelex Xobeh.
 11753 | D:9      | Reached skill level 5 in Ice Magic
 12748 | D:9      | Found a staircase to the Orcish Mines.
 13228 | D:10     | Entered Level 10 of the Dungeon
 13243 | D:10     | Reached skill level 9 in Unarmed Combat
 13374 | D:10     | Reached XP level 11. HP: 91/91 MP: 17/17
 13738 | D:10     | Reached ***** piety under Makhleb
 14015 | D:10     | Found Herph's Jewellery Boutique.
 14811 | D:11     | Noticed a purple ugly thing
 15102 | D:11     | Found a staircase to the Lair.
 15121 | Lair:1   | Entered Level 1 of the Lair of Beasts
 15134 | Lair:1   | Reached skill level 10 in Unarmed Combat
 15243 | Lair:1   | Learned a level 5 spell: Blade Hands
 15832 | Lair:1   | Identified the +1 mace of Qufe Hia {freeze, rElec MR+ Str-2
                  | Int+6} (You took it off an orc on level 4 of the Dungeon)
 16448 | Lair:2   | Found a staircase to the Snake Pit.
 16943 | Lair:2   | Reached skill level 11 in Unarmed Combat
 16943 | Lair:2   | Reached XP level 12. HP: 44/101 MP: 18/18
 17658 | Lair:2   | Found the +8 whip "Snakebite" {curare, rPois}
 17869 | Lair:3   | Noticed Urug
 17881 | Lair:3   | Killed Urug
 19088 | Lair:3   | Found a staircase to the Swamp.
 19486 | Lair:3   | Noticed Nergalle
 19569 | Lair:3   | Learned a level 4 spell: Petrify
 19597 | Lair:3   | Reached skill level 12 in Unarmed Combat
 20032 | Lair:3   | Reached skill level 1 in Earth Magic
 20204 | Lair:4   | Noticed a death yak
 20208 | Lair:4   | Found a frozen archway.
 20217 | IceCv    | Entered an ice cave
 20329 | IceCv    | Slain by a polar bear

Skill      XL: |  1  2  3  4  5  6  7  8  9 10 11 12 |
---------------+-------------------------------------+-----
Dodging        | 2 3 4 5 7 8 |  8.0
Stealth        | 1 2 3 |  3.0
Shields        | 1 2 3 4 |  4.0
Transmutations | 3 4 5 6 8 9 |  9.2
Fighting       | 2 3 5 6 8 9 |  9.4
Unarmed Combat | 4 5 7 9 11 12 | 12.3
Poison Magic   | 1 2 3 |  3.0
Ice Magic      | 1 2 4 5 |  5.0
Spellcasting   | 3 4 |  4.4
Invocations    | 1 2 4 5 |  5.1
Earth Magic    | 2 |  2.3

Action                   |  1- 3 |  4- 6 |  7- 9 | 10-12 || total
-------------------------+-------+-------+-------+-------++-------
Melee: Unarmed           |   115 |   202 |   675 |  1284 ||  2276
       Kick              |     4 |     6 |       |       ||    10
       Headbutt          |     4 |    12 |    77 |   200 ||   293
       Tailslap          |    12 |    14 |    73 |   158 ||   257
Throw: Stone             |     1 |       |     3 |       ||     4
 Cast: Beastly Appendage |    27 |    29 |    54 |   108 ||   218
       Sticks to Snakes  |     2 |     1 |    11 |    20 ||    34
       Spider Form       |       |     4 |     6 |     2 ||    12
       Petrify           |       |       |       |     2 ||     2
Invok: Lesser Servant of |       |       |     1 |     3 ||     4
  Use: Scroll            |       |     1 |    16 |    17 ||    34
       Potion            |       |       |       |     1 ||     1
 Stab: Sleeping          |     1 |     2 |     6 |     4 ||    13
       Distracted        |       |       |       |     4 ||     4
  Eat: Chunk             |     2 |    10 |    17 |    29 ||    58
       Ration            |       |       |       |     3 ||     3
Armor: Skin              |    43 |    40 |   161 |   244 ||   488
Dodge: Dodged            |    69 |    90 |   275 |   557 ||   991
Block: Buckler           |    22 |    38 |   194 |   504 ||   758
       Reflection        |       |       |       |     2 ||     2
